Panthers vs Islanders

Created - Monday, September 25, 2023 at 21:36

Simulating a Pre-Season

Goals
1 2 3 T
Panthers 0 2 0 2
Islanders 1 2 0 3
Shots
1 2 3 T
Panthers 15 9 3 27
Islanders 8 12 12 32

1st period

1. Islanders , Pavel Zacha 2 (Conor Garland 2, Brandon Carlo 1) at 8:51

Penalties :
Kyle Connor (NYI) for Tripping (Minor) at 13:37

2nd period

2. Panthers , Kaapo Kakko 1 (Shea Theodore 3, Martin Fehervary 2) at 6:49
3. Islanders , Conor Garland 1 (Casey Cizikas 1) at 7:40
4. Islanders , Matthew Tkachuk 2 (Travis Konecny 4, Aleksander Barkov 6) at 10:07
5. Panthers , Kaapo Kakko 2 (Christopher Tanev 2, Jakub Vrana 1) at 19:46

Penalties :
Mark Giordano (NYI) for Hooking (Minor) at 12:23, Matthew Tkachuk (NYI) for Hooking (Minor) at 14:57, Charlie McAvoy (NYI) for Hooking (Minor) at 19:51

3rd period

No Goal

Penalties :
Martin Fehervary (FLA) for Slashing (Minor) at 13:50

Goalie Stats

Antti Raanta (FLA), 29 saves from 32 shots - (0.906), L, 1-3-1, 59:00 minutes
Karel Vejmelka (NYI), 25 saves from 27 shots - (0.926), W, 1-0-1, 60:00 minutes

Players Stats for Panthers

Player Name              G  A  P  +/- PIM S  H  SB GA TA FO     MP     PP MP  PK MP  
------------------------------------------------------------------------------------
Brent Burns              0  0  0   0  0   2  3  1  0  0  0/0    24:44   4:34   1:06 
Christopher Tanev        0  1  1   0  0   1  3  2  0  0  0/0    24:44   4:34   1:06 
Cole Caufield            0  0  0   0  0   2  0  0  0  0  0/1    17:20   4:34   0:24 
Filip Chytil             0  0  0   0  0   1  2  0  0  0  4/15   12:17   0:11   0:00 
Jakob Silfverberg        0  0  0  -1  0   1  0  0  0  0  0/1    16:04   3:22   0:00 
Jakub Vrana              0  1  1   0  0   4  1  0  0  0  0/2    12:06   0:00   0:00 
Jeff Carter              0  0  0   0  0   0  1  0  0  0  15/21  18:20   4:23   1:35 
Jordan Eberle            0  0  0   0  0   2  1  0  0  0  2/6    18:31   4:34   1:35 
Kaapo Kakko              2  0  2   0  0   2  0  0  0  0  0/0    12:06   0:00   0:00 
Luke Kunin               0  0  0  -1  0   2  3  0  0  0  0/0    16:04   3:22   0:00 
Martin Fehervary         0  1  1  -1  2   1  4  2  0  0  0/0    18:32   3:22   0:00 
Max Pacioretty           0  0  0   0  0   1  2  0  0  0  0/0    12:55   0:00   0:00 
Patrik Nemeth            0  0  0   0  0   1  2  0  0  0  0/0    15:50   0:00   0:00 
Robert Bortuzzo          0  0  0   0  0   0  2  2  0  0  0/0    16:43   0:00   0:53 
Ryan Strome              0  0  0  -1  0   2  0  0  0  0  4/12   16:28   3:22   0:24 
Shea Theodore            0  1  1  -1  0   0  0  1  0  0  0/0    19:26   3:22   0:53 
Steven Lorentz           0  0  0   0  0   2  2  1  0  0  0/2    12:55   0:00   0:00 
Wyatt Johnston           0  0  0   0  0   3  0  0  0  0  8/19   12:55   0:00   0:00 

Players Stats for Islanders

Player Name              G  A  P  +/- PIM S  H  SB GA TA FO     MP     PP MP  PK MP  
------------------------------------------------------------------------------------
Aleksander Barkov        0  1  1   0  0   2  0  0  0  0  13/20  17:57   1:14   0:00 
Anton Stralman           0  0  0   0  0   0  0  0  0  0  0/0    13:55   0:00   0:00 
Brandon Carlo            0  1  1   1  0   0  1  3  0  0  0/0    13:48   0:00   1:22 
Casey Cizikas            0  1  1   2  0   3  2  0  0  0  15/17  14:18   0:00   3:15 
Charlie McAvoy           0  0  0  -1  2   1  3  0  0  0  0/0    23:37   1:11   2:46 
Conor Garland            1  1  2   2  0   3  0  0  0  0  0/2    14:18   0:00   3:15 
Jason Dickinson          0  0  0   0  0   2  1  1  0  0  7/13   10:38   0:00   4:24 
Jonatan Berggren         0  0  0   0  0   1  0  0  0  0  0/0    10:35   0:00   4:21 
Kyle Connor              0  0  0  -1  2   1  1  0  0  0  0/1    16:49   0:45   0:00 
Mark Giordano            0  0  0   0  2   1  4  2  0  0  0/0    22:27   1:11   2:47 
Mason Shaw               0  0  0   0  0   0  0  0  0  0  0/1     6:14   0:00   0:00 
Matthew Tkachuk          1  0  1   0  2   2  1  0  0  0  1/2    17:56   1:14   0:00 
Nikolaj Ehlers           0  0  0  -1  0   3  0  0  0  0  0/1    16:50   0:45   0:00 
Paul Stastny             0  0  0  -1  0   2  1  1  0  0  9/18   16:50   0:45   0:00 
Pavel Zacha              1  0  1   2  0   4  0  0  0  0  0/2    11:20   0:00   0:17 
Ryan Pulock              0  0  0   1  0   1  1  2  0  0  0/0    22:46   0:48   4:18 
Scott Mayfield           0  0  0   1  0   0  2  0  0  0  0/0    23:25   0:48   4:39 
Travis Konecny           0  1  1   0  0   6  1  1  0  0  1/2    18:17   1:14   0:20 

3 Stars

1 - Conor Garland (NYI)
2 - Kaapo Kakko (FLA)
3 - Pavel Zacha (NYI)

Power Play

Panthers - 0 on 4 Attempt(s) - 0.00%
Islanders - 0 on 1 Attempt(s) - 0.00%

Penalty Kill

Panthers - 1 on 1 Attempt(s) - 100.00% - Score 0 goal in Penalty Kill
Islanders - 4 on 4 Attempt(s) - 100.00% - Score 0 goal in Penalty Kill

Team Stat

Panthers - Hits : 26 - Faceoff Wins : 33 - Blocked Shots : 9 - Penalty Minutes : 2
Islanders - Hits : 18 - Faceoff Wins : 46 - Blocked Shots : 10 - Penalty Minutes : 8

Official

Referees : Pierre Lambert and Frederick L'Ecuyer
Linesman : Jesse Marquis and Tyson Baker

Game Notes

No Game Note

Panthers

5 vs 5 Forward 
   Center                   Left Wing                Right Wing               Time % Phy DF OF 
 1 Jeff Carter              Cole Caufield            Jordan Eberle            25     1   2  2  
 2 Ryan Strome              Jakob Silfverberg        Luke Kunin               25     1   2  2  
 3 Filip Chytil             Jakub Vrana              Kaapo Kakko              25     1   2  2  
 4 Wyatt Johnston           Max Pacioretty           Steven Lorentz           25     1   2  2  

5 vs 5 Defense 
   Defense                  Defense                                           Time % Phy DF OF 
 1 Brent Burns              Christopher Tanev                                 25     1   2  2  
 2 Shea Theodore            Martin Fehervary                                  25     1   2  2  
 3 Patrik Nemeth            Robert Bortuzzo                                   25     1   2  2  
 4 Brent Burns              Christopher Tanev                                 25     1   2  2  

PowerPlay Forward 
   Center                   Left Wing                Right Wing               Time % Phy DF OF 
 1 Jeff Carter              Cole Caufield            Jordan Eberle            60     1   2  2  
 2 Ryan Strome              Jakob Silfverberg        Luke Kunin               40     1   2  2  

PowerPlay Defense
   Defense                  Defense                                           Time % Phy DF OF 
 1 Brent Burns              Christopher Tanev                                 60     1   2  2  
 2 Shea Theodore            Martin Fehervary                                  40     1   2  2  

Penalty Kill 4 Players Forward 
   Center                   Wing                     Time % Phy DF OF 
 1 Jordan Eberle            Jeff Carter              60     1   2  2  
 2 Ryan Strome              Cole Caufield            40     1   2  2  

Penalty Kill 4 Players Defense
   Defense                  Defense                  Time % Phy DF OF 
 1 Brent Burns              Christopher Tanev        60     1   2  2  
 2 Shea Theodore            Martin Fehervary         40     1   2  2  

Penalty Kill - 3 Players Forward 
   Forward                                           Time % Phy DF OF 
 1 Jordan Eberle                                     60     1   2  2  
 2 Jeff Carter                                       40     1   2  2  

Penalty Kill - 3 Players Defense
   Defense                  Defense                  Time % Phy DF OF 
 1 Brent Burns              Christopher Tanev        60     1   2  2  
 2 Shea Theodore            Martin Fehervary         40     1   2  2  

4 vs 4 Forward 
   Center                   Wing                     Time % Phy DF OF 
 1 Jordan Eberle            Jeff Carter              60     1   2  2  
 2 Ryan Strome              Cole Caufield            40     1   2  2  

4 vs 4 Defense
   Defense                  Defense                  Time % Phy DF OF 
 1 Brent Burns              Christopher Tanev        60     1   2  2  
 2 Shea Theodore            Martin Fehervary         40     1   2  2  

Last Minutes Offensive
   Center                   Left Wing                Right Wing               Defense                  Defense                  
   Jeff Carter              Cole Caufield            Jordan Eberle            Brent Burns              Christopher Tanev        

Last Minutes Defensive
   Center                   Left Wing                Right Wing               Defense                  Defense                  
   Jeff Carter              Cole Caufield            Jordan Eberle            Brent Burns              Christopher Tanev        

Goaltenders
Starting : Antti Raanta             
Backup : Pavel Francouz           

Extra Forwards
Normal : Filip Chytil, Jakub Vrana, Max Pacioretty - PP : Filip Chytil, Jakub Vrana - PK : Max Pacioretty
Extra Defensemen
Normal : Patrik Nemeth, Robert Bortuzzo, Shea Theodore - PP : Patrik Nemeth - PK : Robert Bortuzzo, Shea Theodore
Penalty Shots
Jordan Eberle, Jeff Carter, Ryan Strome, Cole Caufield, Jakob Silfverberg
Custom OT Lines Forwards
Jordan Eberle, Jeff Carter, Ryan Strome, Cole Caufield, Jakob Silfverberg, Filip Chytil, Jakub Vrana, Luke Kunin, Max Pacioretty, Kaapo Kakko
Custom OT Lines Defensemen
Brent Burns, Christopher Tanev, Shea Theodore, Martin Fehervary, Patrik Nemeth

Scratches
Tyson Jost (Healthy)

Islanders

5 vs 5 Forward 
   Center                   Left Wing                Right Wing               Time % Phy DF OF 
 1 Aleksander Barkov        Travis Konecny           Matthew Tkachuk          35     0   2  3  
 2 Paul Stastny             Kyle Connor              Nikolaj Ehlers           31     0   2  3  
 3 Casey Cizikas            Conor Garland            Pavel Zacha              22     0   3  2  
 4 Jason Dickinson          Mason Shaw               Jonatan Berggren         12     0   3  2  

5 vs 5 Defense 
   Defense                  Defense                                           Time % Phy DF OF 
 1 Brandon Carlo            Mark Giordano                                     25     1   2  2  
 2 Scott Mayfield           Ryan Pulock                                       25     1   2  2  
 3 Charlie McAvoy           Anton Stralman                                    25     1   2  2  
 4 Charlie McAvoy           Mark Giordano                                     25     1   2  2  

PowerPlay Forward 
   Center                   Left Wing                Right Wing               Time % Phy DF OF 
 1 Aleksander Barkov        Travis Konecny           Matthew Tkachuk          50     0   0  5  
 2 Paul Stastny             Kyle Connor              Nikolaj Ehlers           50     0   0  5  

PowerPlay Defense
   Defense                  Defense                                           Time % Phy DF OF 
 1 Charlie McAvoy           Mark Giordano                                     50     0   0  5  
 2 Scott Mayfield           Ryan Pulock                                       50     0   0  5  

Penalty Kill 4 Players Forward 
   Center                   Wing                     Time % Phy DF OF 
 1 Casey Cizikas            Conor Garland            50     0   5  0  
 2 Jason Dickinson          Jonatan Berggren         50     0   5  0  

Penalty Kill 4 Players Defense
   Defense                  Defense                  Time % Phy DF OF 
 1 Charlie McAvoy           Mark Giordano            50     0   5  0  
 2 Scott Mayfield           Ryan Pulock              50     0   5  0  

Penalty Kill - 3 Players Forward 
   Forward                                           Time % Phy DF OF 
 1 Casey Cizikas                                     50     0   5  0  
 2 Jason Dickinson                                   50     0   5  0  

Penalty Kill - 3 Players Defense
   Defense                  Defense                  Time % Phy DF OF 
 1 Charlie McAvoy           Mark Giordano            50     0   5  0  
 2 Scott Mayfield           Ryan Pulock              50     0   5  0  

4 vs 4 Forward 
   Center                   Wing                     Time % Phy DF OF 
 1 Aleksander Barkov        Matthew Tkachuk          50     1   2  2  
 2 Paul Stastny             Kyle Connor              50     1   2  2  

4 vs 4 Defense
   Defense                  Defense                  Time % Phy DF OF 
 1 Charlie McAvoy           Mark Giordano            50     1   2  2  
 2 Scott Mayfield           Ryan Pulock              50     1   2  2  

Last Minutes Offensive
   Center                   Left Wing                Right Wing               Defense                  Defense                  
   Aleksander Barkov        Travis Konecny           Matthew Tkachuk          Charlie McAvoy           Mark Giordano            

Last Minutes Defensive
   Center                   Left Wing                Right Wing               Defense                  Defense                  
   Aleksander Barkov        Travis Konecny           Matthew Tkachuk          Charlie McAvoy           Mark Giordano            

Goaltenders
Starting : Karel Vejmelka           
Backup : Andrei Vasilevskiy       

Extra Forwards
Normal : Jonatan Berggren, Nikolaj Ehlers, Jason Dickinson - PP : Jonatan Berggren, Nikolaj Ehlers - PK : Jason Dickinson
Extra Defensemen
Normal : Ryan Pulock, Scott Mayfield, Anton Stralman - PP : Scott Mayfield - PK : Scott Mayfield, Ryan Pulock
Penalty Shots
Aleksander Barkov, Mark Giordano, Casey Cizikas, Kyle Connor, Pavel Zacha
Custom OT Lines Forwards
Aleksander Barkov, Matthew Tkachuk, Travis Konecny, Kyle Connor, Nikolaj Ehlers, Pavel Zacha, Conor Garland, Paul Stastny, Jason Dickinson, Jonatan Berggren
Custom OT Lines Defensemen
Charlie McAvoy, Mark Giordano, Scott Mayfield, Ryan Pulock, Anton Stralman

Scratches
Tobias Bjornfot (Healthy)

% Time on Ice - Panthers

Lines # - Real PCT - Wanted PCT - Time Play
Normal Forward
1 - 24% - 25% - 11:51
2 - 26% - 25% - 12:42
3 - 24% - 25% - 12:06
4 - 26% - 25% - 12:55
Normal Defense
1 - 18% - 25% - 8:49
2 - 31% - 25% - 15:11
3 - 32% - 25% - 15:50
4 - 20% - 25% - 9:44
PP Forward
1 - 58% - 60% - 4:34
2 - 42% - 40% - 3:22
PP Defense
1 - 58% - 60% - 4:34
2 - 42% - 40% - 3:22
PK Forward
1 - 80% - 60% - 1:35
2 - 20% - 40% - 0:24
PK Defense
1 - 55% - 60% - 1:06
2 - 45% - 40% - 0:53
PK3 Forward
1 - 0% - 60%
2 - 0% - 40%
PK3 Defense
1 - 0% - 60%
2 - 0% - 40%
44 Forward
1 - 0% - 60%
2 - 0% - 40%
44 Defense
1 - 0% - 60%
2 - 0% - 40%
Last Minute Offensive  - 0:31
Last Minute Defensive  - 0:00
Total
Forward - 60:00
Defense - 60:00

% Time on Ice - Islanders

Lines # - Real PCT - Wanted PCT - Time Play
Normal Forward
1 - 32% - 35% - 15:52
2 - 33% - 31% - 16:05
3 - 22% - 22% - 11:03
4 - 13% - 12% - 6:14
Normal Defense
1 - 25% - 25% - 12:26
2 - 34% - 25% - 16:40
3 - 28% - 25% - 13:55
4 - 13% - 25% - 6:13
PP Forward
1 - 62% - 50% - 1:14
2 - 38% - 50% - 0:45
PP Defense
1 - 60% - 50% - 1:11
2 - 40% - 50% - 0:48
PK Forward
1 - 45% - 50% - 3:32
2 - 55% - 50% - 4:24
PK Defense
1 - 59% - 50% - 4:42
2 - 41% - 50% - 3:14
PK3 Forward
1 - 0% - 50%
2 - 0% - 50%
PK3 Defense
1 - 0% - 50%
2 - 0% - 50%
44 Forward
1 - 0% - 50%
2 - 0% - 50%
44 Defense
1 - 0% - 50%
2 - 0% - 50%
Last Minute Offensive  - 0:00
Last Minute Defensive  - 0:51
Total
Forward - 60:00
Defense - 60:00

Play-by-Play

1st period


0:01 of 1st period - Jeff Carter wins face-off versus Aleksander Barkov in neutral zone.
0:23 of 1st period - Cole Caufield is hit by Mark Giordano and loses puck.
0:26 of 1st period - Shot by Cole Caufield.
0:26 of 1st period - Stopped by Karel Vejmelka with a rebound.
0:47 of 1st period - Icing by Jeff Carter.
0:48 of 1st period - Jordan Eberle wins face-off versus Paul Stastny in Panthers zone.
0:48 of 1st period - Jordan Eberle is hit by Paul Stastny.
2:39 of 1st period - Off-side.
2:40 of 1st period - Jason Dickinson wins face-off versus Steven Lorentz in neutral zone.
2:49 of 1st period - Icing by Steven Lorentz.
2:50 of 1st period - Wyatt Johnston wins face-off versus Casey Cizikas in Panthers zone.
3:17 of 1st period - Shot by Wyatt Johnston.
3:17 of 1st period - Shot Misses the Net.
3:19 of 1st period - Shot by Christopher Tanev.
3:19 of 1st period - Shot Misses the Net.
3:21 of 1st period - Shot by Steven Lorentz.
3:21 of 1st period - Shot Misses the Net.
3:23 of 1st period - Shot by Brent Burns.
3:23 of 1st period - Stopped by Karel Vejmelka with a rebound.
3:44 of 1st period - Shot by Ryan Strome.
3:44 of 1st period - Stopped by Karel Vejmelka without a rebound.
3:45 of 1st period - Aleksander Barkov wins face-off versus Filip Chytil in Islanders zone.
3:45 of 1st period - Aleksander Barkov is hit by Filip Chytil.
4:45 of 1st period - Jeff Carter is hit by Mark Giordano and loses puck.
5:01 of 1st period - Cole Caufield is hit by Mark Giordano and loses puck.
5:06 of 1st period - Shot by Jeff Carter.
5:06 of 1st period - Deflect By Cole Caufield.
5:06 of 1st period - Stopped by Karel Vejmelka with a rebound.
5:16 of 1st period - Shot by Ryan Strome.
5:16 of 1st period - Stopped by Karel Vejmelka without a rebound.
5:17 of 1st period - Jason Dickinson wins face-off versus Wyatt Johnston in Islanders zone.
5:28 of 1st period - Shot by Mason Shaw.
5:28 of 1st period - Shot Misses the Net.
5:30 of 1st period - Shot by Ryan Pulock.
5:30 of 1st period - Shot Blocked by Steven Lorentz.
6:46 of 1st period - Shot by Kyle Connor.
6:46 of 1st period - Stopped by Antti Raanta without a rebound.
6:47 of 1st period - Casey Cizikas wins face-off versus Filip Chytil in Panthers zone.
6:52 of 1st period - Shot by Conor Garland.
6:52 of 1st period - Stopped by Antti Raanta without a rebound.
6:53 of 1st period - Casey Cizikas wins face-off versus Filip Chytil in Panthers zone.
7:10 of 1st period - Shot by Conor Garland.
7:10 of 1st period - Deflect By Casey Cizikas.
7:10 of 1st period - Stopped by Antti Raanta with a rebound.
7:12 of 1st period - Shot by Mark Giordano.
7:12 of 1st period - Stopped by Antti Raanta without a rebound.
7:13 of 1st period - Jeff Carter wins face-off versus Kyle Connor in Panthers zone.
7:34 of 1st period - Shot by Nikolaj Ehlers.
7:34 of 1st period - Shot Hit the Post.
8:08 of 1st period - Travis Konecny is hit by Steven Lorentz and loses puck.
8:21 of 1st period - Shot by Aleksander Barkov.
8:21 of 1st period - Stopped by Antti Raanta without a rebound.
8:22 of 1st period - Casey Cizikas wins face-off versus Ryan Strome in Panthers zone.
8:29 of 1st period - Shot by Casey Cizikas.
8:29 of 1st period - Shot Blocked by Martin Fehervary.
8:35 of 1st period - Shot by Conor Garland.
8:35 of 1st period - Shot Hit the Post.
8:51 of 1st period - Shot by Pavel Zacha.
8:51 of 1st period - Goal by Pavel Zacha - Panthers : 0 - Islanders : 1.
8:52 of 1st period - Aleksander Barkov wins face-off versus Filip Chytil in neutral zone.
9:18 of 1st period - Shot by Kaapo Kakko.
9:18 of 1st period - Deflect By Jakub Vrana.
9:18 of 1st period - Shot Misses the Net.
9:20 of 1st period - Shot by Jakub Vrana.
9:20 of 1st period - Shot Misses the Net.
9:22 of 1st period - Shot by Kaapo Kakko.
9:22 of 1st period - Shot Misses the Net.
9:24 of 1st period - Shot by Filip Chytil.
9:24 of 1st period - Shot Misses the Net.
9:37 of 1st period - Icing by Aleksander Barkov.
9:38 of 1st period - Travis Konecny wins face-off versus Wyatt Johnston in Islanders zone.
9:38 of 1st period - Travis Konecny is hit by Max Pacioretty.
9:45 of 1st period - Aleksander Barkov is hit by Steven Lorentz and loses puck.
10:48 of 1st period - Shot by Kyle Connor.
10:48 of 1st period - Shot Misses the Net.
10:50 of 1st period - Shot by Paul Stastny.
10:50 of 1st period - Stopped by Antti Raanta with a rebound.
10:52 of 1st period - Shot by Brandon Carlo.
10:52 of 1st period - Shot Misses the Net.
10:57 of 1st period - Kyle Connor is hit by Martin Fehervary and loses puck.
11:09 of 1st period - Nikolaj Ehlers is hit by Martin Fehervary and loses puck.
11:21 of 1st period - Off-side.
11:22 of 1st period - Jeff Carter wins face-off versus Pavel Zacha in neutral zone.
12:18 of 1st period - Scott Mayfield is hit by Brent Burns and loses puck.
12:31 of 1st period - Shot by Filip Chytil.
12:31 of 1st period - Stopped by Karel Vejmelka with a rebound.
12:39 of 1st period - Shot by Kaapo Kakko.
12:39 of 1st period - Shot Blocked by Ryan Pulock.
12:41 of 1st period - Shot by Christopher Tanev.
12:41 of 1st period - Stopped by Karel Vejmelka with a rebound.
13:08 of 1st period - Icing by Brandon Carlo.
13:09 of 1st period - Ryan Strome wins face-off versus Paul Stastny in Islanders zone.
13:37 of 1st period - Minor Penalty to Kyle Connor for Tripping.
13:38 of 1st period - Jeff Carter wins face-off versus Jason Dickinson in Islanders zone.
15:10 of 1st period - Shot by Travis Konecny.
15:10 of 1st period - Stopped by Antti Raanta without a rebound.
15:11 of 1st period - Casey Cizikas wins face-off versus Jeff Carter in Panthers zone.
15:33 of 1st period - Shot by Brent Burns.
15:33 of 1st period - Stopped by Karel Vejmelka without a rebound.
15:34 of 1st period - Ryan Strome wins face-off versus Jason Dickinson in Islanders zone.
15:40 of 1st period - Shot by Wyatt Johnston.
15:40 of 1st period - Stopped by Karel Vejmelka with a rebound.
15:42 of 1st period - Shot by Robert Bortuzzo.
15:42 of 1st period - Shot Blocked by Paul Stastny.
15:44 of 1st period - Shot by Steven Lorentz.
15:44 of 1st period - Stopped by Karel Vejmelka without a rebound.
15:45 of 1st period - Aleksander Barkov wins face-off versus Filip Chytil in Islanders zone.
15:59 of 1st period - Shot by Kaapo Kakko.
15:59 of 1st period - Shot Misses the Net.
16:07 of 1st period - Matthew Tkachuk is hit by Filip Chytil and loses puck.
16:14 of 1st period - Shot by Filip Chytil.
16:14 of 1st period - Deflect By Jakub Vrana.
16:14 of 1st period - Stopped by Karel Vejmelka with a rebound.
16:16 of 1st period - Shot by Patrik Nemeth.
16:16 of 1st period - Stopped by Karel Vejmelka without a rebound.
16:17 of 1st period - Wyatt Johnston wins face-off versus Nikolaj Ehlers in Islanders zone.
16:22 of 1st period - Shot by Steven Lorentz.
16:22 of 1st period - Stopped by Karel Vejmelka with a rebound.
16:24 of 1st period - Shot by Steven Lorentz.
16:24 of 1st period - Shot Blocked by Brandon Carlo.
16:52 of 1st period - Icing by Nikolaj Ehlers.
16:53 of 1st period - Paul Stastny wins face-off versus Jeff Carter in Islanders zone.
16:53 of 1st period - Paul Stastny is hit by Jordan Eberle.
17:01 of 1st period - Shot by Nikolaj Ehlers.
17:01 of 1st period - Shot Misses the Net.
17:28 of 1st period - Icing by Martin Fehervary.
17:29 of 1st period - Jason Dickinson wins face-off versus Jordan Eberle in Panthers zone.
18:29 of 1st period - Icing by Christopher Tanev.
18:30 of 1st period - Ryan Strome wins face-off versus Aleksander Barkov in Panthers zone.
18:58 of 1st period - Icing by Scott Mayfield.
18:59 of 1st period - Wyatt Johnston wins face-off versus Aleksander Barkov in Islanders zone.
19:23 of 1st period - Shot by Max Pacioretty.
19:23 of 1st period - Stopped by Karel Vejmelka without a rebound.
19:24 of 1st period - Paul Stastny wins face-off versus Filip Chytil in Islanders zone.
19:46 of 1st period - Shot by Martin Fehervary.
19:46 of 1st period - Stopped by Karel Vejmelka without a rebound.
19:47 of 1st period - Jeff Carter wins face-off versus Conor Garland in Islanders zone.
19:51 of 1st period - Icing by Brandon Carlo.
19:52 of 1st period - Casey Cizikas wins face-off versus Wyatt Johnston in Islanders zone.
Goals for this period are 0 for Panthers vs 1 for Islanders.
Shots for this period are 15 for Panthers vs 8 for Islanders.

2nd period


0:01 of 2nd period - Filip Chytil wins face-off versus Aleksander Barkov in neutral zone.
0:12 of 2nd period - Kaapo Kakko is hit by Travis Konecny and loses puck.
0:20 of 2nd period - Aleksander Barkov is hit by Brent Burns and loses puck.
0:23 of 2nd period - Shot by Aleksander Barkov.
0:23 of 2nd period - Stopped by Antti Raanta without a rebound.
0:24 of 2nd period - Casey Cizikas wins face-off versus Wyatt Johnston in Panthers zone.
0:36 of 2nd period - Casey Cizikas is hit by Robert Bortuzzo and loses puck.
2:39 of 2nd period - Ryan Strome is hit by Scott Mayfield and loses puck.
3:07 of 2nd period - Shot by Jakub Vrana.
3:07 of 2nd period - Shot Misses the Net.
3:13 of 2nd period - Shot by Jakub Vrana.
3:13 of 2nd period - Stopped by Karel Vejmelka with a rebound.
3:15 of 2nd period - Shot by Jakub Vrana.
3:15 of 2nd period - Shot Misses the Net.
3:20 of 2nd period - Jakub Vrana is hit by Scott Mayfield and loses puck.
3:34 of 2nd period - Off-side.
3:35 of 2nd period - Jason Dickinson wins face-off versus Wyatt Johnston in neutral zone.
3:48 of 2nd period - Shot by Jason Dickinson.
3:48 of 2nd period - Shot Misses the Net.
3:54 of 2nd period - Shot by Jonatan Berggren.
3:54 of 2nd period - Stopped by Antti Raanta with a rebound.
4:01 of 2nd period - Jason Dickinson is hit by Brent Burns and loses puck.
4:42 of 2nd period - Luke Kunin is hit by Ryan Pulock and loses puck.
5:06 of 2nd period - Icing by Aleksander Barkov.
5:07 of 2nd period - Aleksander Barkov wins face-off versus Filip Chytil in Islanders zone.
5:24 of 2nd period - Shot by Jakub Vrana.
5:24 of 2nd period - Shot Misses the Net.
5:26 of 2nd period - Shot by Robert Bortuzzo.
5:26 of 2nd period - Shot Blocked by Mark Giordano.
5:28 of 2nd period - Shot by Kaapo Kakko.
5:28 of 2nd period - Shot Misses the Net.
5:36 of 2nd period - Shot by Jakub Vrana.
5:36 of 2nd period - Stopped by Karel Vejmelka without a rebound.
5:37 of 2nd period - Jeff Carter wins face-off versus Jason Dickinson in Islanders zone.
5:38 of 2nd period - Shot by Jordan Eberle.
5:38 of 2nd period - Stopped by Karel Vejmelka without a rebound.
5:39 of 2nd period - Jeff Carter wins face-off versus Jason Dickinson in Islanders zone.
5:39 of 2nd period - Brent Burns is hit by Charlie McAvoy and loses puck.
6:49 of 2nd period - Shot by Kaapo Kakko.
6:49 of 2nd period - Goal by Kaapo Kakko - Panthers : 1 - Islanders : 1.
6:50 of 2nd period - Aleksander Barkov wins face-off versus Ryan Strome in neutral zone.
6:50 of 2nd period - Matthew Tkachuk is hit by Luke Kunin and loses puck.
7:01 of 2nd period - Shot by Luke Kunin.
7:01 of 2nd period - Stopped by Karel Vejmelka without a rebound.
7:02 of 2nd period - Filip Chytil wins face-off versus Pavel Zacha in Islanders zone.
7:06 of 2nd period - Icing by Ryan Pulock.
7:07 of 2nd period - Casey Cizikas wins face-off versus Filip Chytil in Islanders zone.
7:14 of 2nd period - Shot by Pavel Zacha.
7:14 of 2nd period - Deflect By Conor Garland.
7:14 of 2nd period - Shot Blocked by Martin Fehervary.
7:28 of 2nd period - Shot by Casey Cizikas.
7:28 of 2nd period - Stopped by Antti Raanta with a rebound.
7:40 of 2nd period - Shot by Casey Cizikas.
7:40 of 2nd period - Deflect By Conor Garland.
7:40 of 2nd period - Goal by Conor Garland - Panthers : 1 - Islanders : 2.
7:41 of 2nd period - Wyatt Johnston wins face-off versus Paul Stastny in neutral zone.
7:57 of 2nd period - Kyle Connor is hit by Christopher Tanev and loses puck.
8:18 of 2nd period - Nikolaj Ehlers is hit by Christopher Tanev and loses puck.
8:28 of 2nd period - Icing by Christopher Tanev.
8:29 of 2nd period - Aleksander Barkov wins face-off versus Wyatt Johnston in Panthers zone.
8:32 of 2nd period - Shot by Travis Konecny.
8:32 of 2nd period - Stopped by Antti Raanta without a rebound.
8:33 of 2nd period - Aleksander Barkov wins face-off versus Ryan Strome in Panthers zone.
8:33 of 2nd period - Ryan Pulock is hit by Robert Bortuzzo and loses puck.
8:37 of 2nd period - Aleksander Barkov is hit by Patrik Nemeth and loses puck.
8:53 of 2nd period - Aleksander Barkov is hit by Patrik Nemeth.
9:01 of 2nd period - Shot by Travis Konecny.
9:01 of 2nd period - Shot Misses the Net.
9:03 of 2nd period - Shot by Travis Konecny.
9:03 of 2nd period - Stopped by Antti Raanta without a rebound.
9:04 of 2nd period - Jeff Carter wins face-off versus Casey Cizikas in Panthers zone.
9:13 of 2nd period - Shot by Conor Garland.
9:13 of 2nd period - Shot Blocked by Shea Theodore.
9:15 of 2nd period - Shot by Conor Garland.
9:15 of 2nd period - Shot Misses the Net.
9:17 of 2nd period - Shot by Pavel Zacha.
9:17 of 2nd period - Shot Misses the Net.
10:03 of 2nd period - Off-side.
10:04 of 2nd period - Aleksander Barkov wins face-off versus Filip Chytil in neutral zone.
10:07 of 2nd period - Shot by Travis Konecny.
10:07 of 2nd period - Deflect By Matthew Tkachuk.
10:07 of 2nd period - Goal by Matthew Tkachuk - Panthers : 1 - Islanders : 3.
10:08 of 2nd period - Filip Chytil wins face-off versus Travis Konecny in neutral zone.
10:28 of 2nd period - Shot by Matthew Tkachuk.
10:28 of 2nd period - Shot Blocked by Brent Burns.
11:20 of 2nd period - Shot by Nikolaj Ehlers.
11:20 of 2nd period - Stopped by Antti Raanta without a rebound.
11:21 of 2nd period - Casey Cizikas wins face-off versus Wyatt Johnston in Panthers zone.
11:40 of 2nd period - Shot by Pavel Zacha.
11:40 of 2nd period - Stopped by Antti Raanta with a rebound.
11:47 of 2nd period - Off-side.
11:48 of 2nd period - Paul Stastny wins face-off versus Ryan Strome in neutral zone.
11:59 of 2nd period - Shot by Luke Kunin.
11:59 of 2nd period - Shot Misses the Net.
12:05 of 2nd period - Shot by Ryan Strome.
12:05 of 2nd period - Shot Blocked by Brandon Carlo.
12:19 of 2nd period - Jakob Silfverberg is hit by Brandon Carlo and loses puck.
12:23 of 2nd period - Minor Penalty to Mark Giordano for Hooking.
12:24 of 2nd period - Casey Cizikas wins face-off versus Jeff Carter in Islanders zone.
12:39 of 2nd period - Shot by Brent Burns.
12:39 of 2nd period - Shot Blocked by Ryan Pulock.
12:43 of 2nd period - Shot by Cole Caufield.
12:43 of 2nd period - Deflect By Jeff Carter.
12:43 of 2nd period - Shot Misses the Net.
12:45 of 2nd period - Shot by Brent Burns.
12:45 of 2nd period - Shot Blocked by Jason Dickinson.
13:18 of 2nd period - Charlie McAvoy is hit by Luke Kunin and loses puck.
14:15 of 2nd period - Shot by Cole Caufield.
14:15 of 2nd period - Shot Blocked by Brandon Carlo.
14:21 of 2nd period - Shot by Cole Caufield.
14:21 of 2nd period - Shot Misses the Net.
14:23 of 2nd period - Shot by Jeff Carter.
14:23 of 2nd period - Shot Blocked by Travis Konecny.
14:31 of 2nd period - Shot by Wyatt Johnston.
14:31 of 2nd period - Stopped by Karel Vejmelka without a rebound.
14:32 of 2nd period - Aleksander Barkov wins face-off versus Filip Chytil in Islanders zone.
14:44 of 2nd period - Shot by Travis Konecny.
14:44 of 2nd period - Deflect By Matthew Tkachuk.
14:44 of 2nd period - Stopped by Antti Raanta without a rebound.
14:45 of 2nd period - Paul Stastny wins face-off versus Wyatt Johnston in Panthers zone.
14:53 of 2nd period - Icing by Martin Fehervary.
14:54 of 2nd period - Wyatt Johnston wins face-off versus Aleksander Barkov in Panthers zone.
14:54 of 2nd period - Wyatt Johnston is hit by Matthew Tkachuk.
14:57 of 2nd period - Minor Penalty to Matthew Tkachuk for Hooking.
14:58 of 2nd period - Jason Dickinson wins face-off versus Ryan Strome in Islanders zone.
15:19 of 2nd period - Icing by Ryan Strome.
15:20 of 2nd period - Casey Cizikas wins face-off versus Jakob Silfverberg in Panthers zone.
16:54 of 2nd period - Luke Kunin is hit by Casey Cizikas and loses puck.
17:02 of 2nd period - Shea Theodore is hit by Charlie McAvoy and loses puck.
17:09 of 2nd period - Shot by Wyatt Johnston.
17:09 of 2nd period - Stopped by Karel Vejmelka without a rebound.
17:10 of 2nd period - Paul Stastny wins face-off versus Jakub Vrana in Islanders zone.
17:10 of 2nd period - Paul Stastny is hit by Jakub Vrana.
17:36 of 2nd period - Shot by Jakub Vrana.
17:36 of 2nd period - Stopped by Karel Vejmelka without a rebound.
17:37 of 2nd period - Matthew Tkachuk wins face-off versus Wyatt Johnston in Islanders zone.
17:37 of 2nd period - Matthew Tkachuk is hit by Max Pacioretty.
17:42 of 2nd period - Icing by Aleksander Barkov.
17:43 of 2nd period - Jeff Carter wins face-off versus Aleksander Barkov in Islanders zone.
17:43 of 2nd period - Jeff Carter is hit by Charlie McAvoy.
18:17 of 2nd period - Shot by Travis Konecny.
18:17 of 2nd period - Shot Misses the Net.
18:20 of 2nd period - Icing by Christopher Tanev.
18:21 of 2nd period - Jeff Carter wins face-off versus Paul Stastny in Panthers zone.
18:34 of 2nd period - Shot by Nikolaj Ehlers.
18:34 of 2nd period - Stopped by Antti Raanta without a rebound.
18:35 of 2nd period - Casey Cizikas wins face-off versus Ryan Strome in Panthers zone.
18:49 of 2nd period - Ryan Strome is hit by Casey Cizikas and loses puck.
19:00 of 2nd period - Shot by Pavel Zacha.
19:00 of 2nd period - Stopped by Antti Raanta with a rebound.
19:32 of 2nd period - Off-side.
19:33 of 2nd period - Filip Chytil wins face-off versus Aleksander Barkov in neutral zone.
19:40 of 2nd period - Shot by Jakub Vrana.
19:40 of 2nd period - Shot Misses the Net.
19:46 of 2nd period - Shot by Kaapo Kakko.
19:46 of 2nd period - Goal by Kaapo Kakko - Panthers : 2 - Islanders : 3.
19:47 of 2nd period - Jeff Carter wins face-off versus Paul Stastny in neutral zone.
19:51 of 2nd period - Minor Penalty to Charlie McAvoy for Hooking.
19:52 of 2nd period - Jason Dickinson wins face-off versus Jeff Carter in Islanders zone.
Goals for this period are 2 for Panthers vs 2 for Islanders.
Shots for this period are 9 for Panthers vs 12 for Islanders.

3rd period


0:01 of 3rd period - Casey Cizikas wins face-off versus Jeff Carter in neutral zone.
1:17 of 3rd period - Shot by Ryan Strome.
1:17 of 3rd period - Shot Misses the Net.
2:33 of 3rd period - Icing by Charlie McAvoy.
2:34 of 3rd period - Paul Stastny wins face-off versus Filip Chytil in Islanders zone.
3:43 of 3rd period - Shot by Ryan Strome.
3:43 of 3rd period - Shot Misses the Net.
3:56 of 3rd period - Off-side.
3:57 of 3rd period - Jeff Carter wins face-off versus Mason Shaw in neutral zone.
4:02 of 3rd period - Shot by Jordan Eberle.
4:02 of 3rd period - Shot Misses the Net.
4:14 of 3rd period - Shot by Jason Dickinson.
4:14 of 3rd period - Stopped by Antti Raanta without a rebound.
4:15 of 3rd period - Casey Cizikas wins face-off versus Steven Lorentz in Panthers zone.
5:10 of 3rd period - Icing by Cole Caufield.
5:11 of 3rd period - Aleksander Barkov wins face-off versus Cole Caufield in Panthers zone.
5:11 of 3rd period - Travis Konecny is hit by Christopher Tanev.
6:54 of 3rd period - Kyle Connor is hit by Martin Fehervary and loses puck.
7:01 of 3rd period - Martin Fehervary is hit by Kyle Connor and loses puck.
8:15 of 3rd period - Shot by Casey Cizikas.
8:15 of 3rd period - Stopped by Antti Raanta without a rebound.
8:16 of 3rd period - Casey Cizikas wins face-off versus Wyatt Johnston in Panthers zone.
8:23 of 3rd period - Shot by Pavel Zacha.
8:23 of 3rd period - Stopped by Antti Raanta without a rebound.
8:24 of 3rd period - Casey Cizikas wins face-off versus Wyatt Johnston in Panthers zone.
8:41 of 3rd period - Shot by Wyatt Johnston.
8:41 of 3rd period - Shot Misses the Net.
9:10 of 3rd period - Shot by Travis Konecny.
9:10 of 3rd period - Stopped by Antti Raanta with a rebound.
9:12 of 3rd period - Shot by Travis Konecny.
9:12 of 3rd period - Shot Blocked by Christopher Tanev.
9:14 of 3rd period - Shot by Ryan Pulock.
9:14 of 3rd period - Stopped by Antti Raanta without a rebound.
9:15 of 3rd period - Paul Stastny wins face-off versus Ryan Strome in Panthers zone.
9:28 of 3rd period - Brandon Carlo is hit by Luke Kunin and loses puck.
9:37 of 3rd period - Shot by Kyle Connor.
9:37 of 3rd period - Shot Misses the Net.
9:43 of 3rd period - Shot by Kyle Connor.
9:43 of 3rd period - Deflect By Nikolaj Ehlers.
9:43 of 3rd period - Shot Misses the Net.
9:45 of 3rd period - Shot by Paul Stastny.
9:45 of 3rd period - Stopped by Antti Raanta with a rebound.
9:47 of 3rd period - Shot by Nikolaj Ehlers.
9:47 of 3rd period - Shot Misses the Net.
9:49 of 3rd period - Shot by Nikolaj Ehlers.
9:49 of 3rd period - Stopped by Antti Raanta with a rebound.
9:53 of 3rd period - Shot by Kyle Connor.
9:53 of 3rd period - Deflect By Nikolaj Ehlers.
9:53 of 3rd period - Shot Misses the Net.
10:06 of 3rd period - Patrik Nemeth is hit by Mark Giordano and loses puck.
10:28 of 3rd period - Shot by Travis Konecny.
10:28 of 3rd period - Stopped by Antti Raanta without a rebound.
10:29 of 3rd period - Jeff Carter wins face-off versus Jason Dickinson in Panthers zone.
10:29 of 3rd period - Jeff Carter is hit by Jason Dickinson.
11:33 of 3rd period - Shot by Kaapo Kakko.
11:33 of 3rd period - Deflect By Filip Chytil.
11:33 of 3rd period - Shot Misses the Net.
11:55 of 3rd period - Shot by Travis Konecny.
11:55 of 3rd period - Shot Misses the Net.
11:57 of 3rd period - Shot by Aleksander Barkov.
11:57 of 3rd period - Shot Blocked by Christopher Tanev.
12:15 of 3rd period - Shot by Conor Garland.
12:15 of 3rd period - Stopped by Antti Raanta without a rebound.
12:16 of 3rd period - Wyatt Johnston wins face-off versus Paul Stastny in Panthers zone.
12:23 of 3rd period - Shot by Max Pacioretty.
12:23 of 3rd period - Shot Blocked by Mark Giordano.
12:49 of 3rd period - Icing by Wyatt Johnston.
12:50 of 3rd period - Wyatt Johnston wins face-off versus Conor Garland in Panthers zone.
13:08 of 3rd period - Scott Mayfield is hit by Martin Fehervary and loses puck.
13:49 of 3rd period - Icing by Martin Fehervary.
13:50 of 3rd period - Aleksander Barkov wins face-off versus Ryan Strome in Panthers zone.
13:50 of 3rd period - Minor Penalty to Martin Fehervary for Slashing.
13:51 of 3rd period - Aleksander Barkov wins face-off versus Jordan Eberle in Panthers zone.
14:16 of 3rd period - Shot by Travis Konecny.
14:16 of 3rd period - Stopped by Antti Raanta without a rebound.
14:17 of 3rd period - Jordan Eberle wins face-off versus Paul Stastny in Panthers zone.
14:33 of 3rd period - Icing by Charlie McAvoy.
14:34 of 3rd period - Paul Stastny wins face-off versus Jordan Eberle in Islanders zone.
14:41 of 3rd period - Shot by Kyle Connor.
14:41 of 3rd period - Deflect By Nikolaj Ehlers.
14:41 of 3rd period - Shot Misses the Net.
14:43 of 3rd period - Shot by Charlie McAvoy.
14:43 of 3rd period - Stopped by Antti Raanta without a rebound.
14:44 of 3rd period - Aleksander Barkov wins face-off versus Jordan Eberle in Panthers zone.
14:45 of 3rd period - Shot by Matthew Tkachuk.
14:45 of 3rd period - Shot Misses the Net.
15:24 of 3rd period - Aleksander Barkov is hit by Jeff Carter and loses puck.
15:31 of 3rd period - Shot by Jeff Carter.
15:31 of 3rd period - Deflect By Jordan Eberle.
15:31 of 3rd period - Stopped by Karel Vejmelka without a rebound.
15:32 of 3rd period - Paul Stastny wins face-off versus Jeff Carter in Islanders zone.
15:58 of 3rd period - Icing by Brent Burns.
15:59 of 3rd period - Jason Dickinson wins face-off versus Jakub Vrana in Panthers zone.
16:13 of 3rd period - Icing by Charlie McAvoy.
16:14 of 3rd period - Wyatt Johnston wins face-off versus Jason Dickinson in Islanders zone.
16:31 of 3rd period - Shot by Jason Dickinson.
16:31 of 3rd period - Shot Misses the Net.
16:39 of 3rd period - Shot by Jason Dickinson.
16:39 of 3rd period - Stopped by Antti Raanta with a rebound.
16:41 of 3rd period - Shot by Mason Shaw.
16:41 of 3rd period - Shot Blocked by Robert Bortuzzo.
17:29 of 3rd period - Shot by Aleksander Barkov.
17:29 of 3rd period - Shot Blocked by Robert Bortuzzo.
18:03 of 3rd period - Icing by Scott Mayfield.
18:04 of 3rd period - Jeff Carter wins face-off versus Paul Stastny in Islanders zone.
18:56 of 3rd period - Icing by Scott Mayfield.
18:57 of 3rd period - Ryan Strome wins face-off versus Paul Stastny in Islanders zone.
19:00 of 3rd period - Panthers, Antti Raanta is pulled from the net.
19:22 of 3rd period - Shot by Jakob Silfverberg.
19:22 of 3rd period - Stopped by Karel Vejmelka with a rebound.
19:28 of 3rd period - Shot by Jakob Silfverberg.
19:28 of 3rd period - Deflect By Luke Kunin.
19:28 of 3rd period - Stopped by Karel Vejmelka without a rebound.
19:29 of 3rd period - Jeff Carter wins face-off versus Matthew Tkachuk in Islanders zone.
Goals for this period are 0 for Panthers vs 0 for Islanders.
Shots for this period are 3 for Panthers vs 12 for Islanders.